 Dungeon Crawl Stone Soup version 0.20.1-1-g8b1a95d (webtiles) character file.

375890 Gorglomux the Scorcher (level 22, 0/231 HPs)
             Began as an Ogre Fire Elementalist on July 9, 2017.
             Was the Champion of Vehumet.
             Splashed by an acid blob's acid (11 damage)
             ... created by the Royal Jelly
             ... on level 5 of the Pits of Slime on July 10, 2017.
             The game lasted 04:17:29 (61310 turns).

Gorglomux the Scorcher (Ogre Fire Elementalist)    Turns: 61310, Time: 04:17:30

Health: 0/231      AC: -3    Str: 13    XL:     22   Next: 77%
Magic:  19/58      EV: 15    Int: 23    God:    Vehumet [******]
Gold:   1013       SH: 17    Dex: 16    Spells: 5/55 levels left

rFire    + + .     SeeInvis +   b - staff of power
rCold    + . .     Gourm    +   q - +3 shield
rNeg     . . .     Faith    .   u - +4 troll leather armour
rPois    .         Spirit   .   (helmet restricted)
rElec    +         Reflect  .   S - scarf {rC+ rF+}
rCorr    .         Harm     .   (gloves unavailable)
MR       ++...                  (boots unavailable)
Stlth    ++........             g - amulet of the gourmand
Regen    0.9/turn               o - +4 ring of protection
MPRegen  0.4/turn               t - ring of the Trilobite {rElec rF+ Str-5 Dex+5 SInv}

@: corroded, slightly contaminated, starving, hasted, very quick
A: unfitting armour, large bone plates 1, agile 1, deterioration 1, electricity
resistance, tough skin 1
}: 2/15 runes: decaying, gossamer
a: Renounce Religion


You were on level 5 of the Pits of Slime.
You worshipped Vehumet.
Vehumet was exalted by your worship.
You were starving.

You visited 9 branches of the dungeon, and saw 44 of its levels.
You also visited: Labyrinth, Ossuary and Ice Cave.

You collected 4327 gold pieces.
You spent 3314 gold pieces at shops.

Inventory:

Hand Weapons
 a - the +11 dagger "Egrel" {flame, rF+}
   (You found it on level 8 of the Dungeon)

   It has been specially enchanted to burn those struck by it, causing extra
   injury to most foes and up to half again as much damage against particularly
   susceptible opponents.
   It protects you from fire.
Missiles
 Z - 7 throwing nets (quivered)
Armour
 q - a +3 shield (worn)
 u - a +4 troll leather armour (worn)
 S - a scarf of resistance (worn)
Magical Staves
 b - an uncursed staff of power (weapon)
 p - an uncursed staff of wizardry
Jewellery
 g - an amulet of the gourmand (around neck)
 m - an uncursed ring of protection from magic
 o - a +4 ring of protection (left hand)
 r - an uncursed amulet of regeneration
 s - an uncursed ring of see invisible
 t - the ring of the Trilobite (right hand) {rElec rF+ Str-5 Dex+5 SInv}
   (You bought it in a shop on level 3 of the Vaults)

   [ring of protection from fire]

   It affects your strength (-5).
   It affects your dexterity (+5).
   It protects you from fire.
   It insulates you from electricity.
   It lets you see invisible.
 A - the ring "Olor Tec" {rPois rF+ Dex+4 Stlth-}
   (You bought it in a shop on level 1 of the Elven Halls)

   [ring of loudness]

   It affects your dexterity (+4).
   It protects you from fire.
   It protects you from poison.
   It makes you less stealthy.
 P - the amulet "Zafaiz" {+Rage +Inv rElec rC- Int+5}
   (You found it in an ice cave)

   [amulet of rage]

   It affects your intelligence (+5).
   It makes you vulnerable to cold.
   It insulates you from electricity.
   It lets you turn invisible.
   It lets you go berserk.
Wands
 D - a wand of digging (11/24)
 O - a wand of clouds (3/9)
Scrolls
 n - a scroll of silence {unknown}
 x - 3 scrolls of fear
 y - a scroll of brand weapon
 B - 5 scrolls of blinking
 H - 24 scrolls of remove curse
 I - 2 scrolls of recharging
 J - 2 scrolls of immolation
 M - 2 scrolls of magic mapping
 N - 7 scrolls of amnesia
 R - 15 scrolls of identify
 T - 10 scrolls of teleportation
 W - 5 scrolls of fog
Potions
 d - 9 potions of haste
 e - 8 potions of heal wounds
 h - 5 potions of agility
 j - 5 potions of might
 k - a potion of resistance
 w - 8 potions of invisibility
 C - a potion of cancellation
 E - 4 potions of mutation {!q}
 F - 2 potions of brilliance
 K - 7 potions of berserk rage
 Q - 11 potions of curing
 U - 3 potions of ambrosia
 Y - 10 potions of flight
Miscellaneous
 V - a phantom mirror
 X - a phial of floods
Comestibles
 c - 19 bread rations
 v - 4 fruits
 z - 4 meat rations
 G - 6 royal jellies


   Skills:
 - Level 16.0 Fighting
 - Level 9.0 Dodging
 - Level 1.4 Stealth
 - Level 9.0 Shields
 - Level 17.0 Spellcasting
 - Level 17.4 Conjurations
 - Level 6.0 Necromancy
 - Level 18.4 Fire Magic
 + Level 10.5 Earth Magic
 - Level 9.1 Poison Magic


You had 5 spell levels left.
You knew the following spells:

 Your Spells              Type           Power        Failure   Level  Hunger
a - Flame Tongue          Conj/Fire      #####        0%          1    None
b - Sticky Flame          Conj/Fire      #######.     0%          4    None
c - Fireball              Conj/Fire      #######...   1%          5    #......
d - Poison Arrow          Conj/Pois      ######....   1%          6    ####...
e - Bolt of Fire          Conj/Fire      #######...   1%          6    ####...
f - Ignite Poison         Fire/Tmut/Pois ######..     1%          3    None
g - Irradiate             Conj/Tmut      ######....   1%          5    #......
h - Ignition              Fire           #######...   3%          8    #######
l - Lee's Rapid Deconstr  Erth           ######....   1%          5    #......
z - Iskenderun's Battles  Conj/Chrm      ######..     1%          5    #......
Z - Sublimation of Blood  Necr           #####.....   1%          2    None


Dungeon Overview and Level Annotations

Branches:
Dungeon (15/15)            Temple (1/1) D:5            Lair (6/6) D:11
  Swamp (4/4) Lair:4       Spider (4/4) Lair:4        Slime (5/5) Lair:5
    Orc (2/2) D:10            Elf (3/3) Orc:2        Vaults (4/5) D:14
  Crypt (0/3) Vaults:3     Depths (0/5) D:15

Altars:
Ashenzari
Cheibriados
Elyvilon
Fedhas
Gozag
Hepliaklqana
Kikubaaqudgha
Makhleb
Nemelex Xobeh
Okawaru
Ru
Sif Muna
Trog
Uskayaw
Vehumet
Xom
Yredelemnul
Zin
The Shining One
Beogh
Jiyva

Shops:
D:15 *   Orc:1 *   Orc:2 **:*=   Elf:1 =}*   Vaults:1 [   Vaults:3 ((*

Portals:
Trove: D:10 (give 2 scrolls of acquirement)

Annotations:
Swamp:1 2 transporters
Slime:5 Royal Jelly
Elf:2 3 runed doors


Innate Abilities, Weirdness & Mutations

You are too large for most types of armour.
You have tough skin. (AC +1)
You are partially covered in large bone plates. (SH +4)
You are agile. (Dex +2)
Your body sometimes deteriorates upon taking damage.
You are resistant to electric shocks. (rElec)


Message History

The fireball engulfs the azure jelly.
The azure jelly is burned terribly!
You kill the azure jelly!
That felt strangely unrewarding.
The fireball engulfs the acid blob.
The acid blob is severely wounded.
The fireball engulfs the azure jelly.
The azure jelly is burned terribly!
The azure jelly is almost dead.
The fireball engulfs the azure jelly.
The azure jelly is burned terribly!
The azure jelly is almost dead.
The fireball engulfs the Royal Jelly.
The Royal Jelly is almost dead.
The fireball engulfs the acid blob.
The acid blob is heavily wounded.
You are starving!
The Royal Jelly shudders violently.
The Royal Jelly spits out four more jellies.
The acid blob spits acid at you. The splash of acid hits you!
* * * LOW HITPOINT WARNING * * *
You are splashed with acid!
The acid burns!
You die...

###...#.... ###..........
#..............
##...............
#.................
##.....................
#......................
##.#..<...@...............
...........................
...........................
...........................
...............J..J........
...............JJJJ........
................#J#..#.....
..............#####.## #..
............### #..# )##


You could see the Royal Jelly, 3 acid blobs and 3 azure jellies.

Vanquished Creatures
  Margery (Vaults:3)
  Jory (Vaults:3)
  Nikola (Spider:2)
  A lich (Vaults:3)
  2 tentacled monstrosities
  Rupert (Lair:3)
  15 acid blobs
  2 sphinxes
  2 revenants (Vaults:3)
  10 azure jellies
  4 fire giants
  2 frost giants
  2 deep elf sorcerers (Vaults:2)
  11 vault wardens
  A ghost moth (Spider:3)
  2 emperor scorpions (Spider:4)
  Aizul (Swamp:4)
  12 ironheart preservers
  2 very ugly things
  3 entropy weavers
  3 stone giants
  3 deep elf demonologists
  2 deep elf annihilators (Vaults:2)
  A spark wasp (Spider:4)
  The ghost of Ferkelamun the Slicer, a journeyman HaAK of Lugonu (Lair:2)
  2 ettins
  A deep elf death mage (Vaults:2)
  A deep elf high priest (Elf:1)
  A fire dragon (Vaults:2)
  7 death oozes (Slime:5)
  Josephine (D:15)
  A minotaur (Lab)
  3 yaktaur captains
  7 great orbs of eyes
  3 rakshasas (Vaults:3)
  11 vault guards
  17 hydras
  9 ice dragons
  Harold (D:10)
  2 death knights (Vaults:3)
  A ghost crab (Swamp:4)
  A catoblepas (Lair:5)
  A tengu warrior (D:11)
  8 centaur warriors
  8 alligators
  9 dancing weapons
  53 two-headed ogres
  2 deep troll shamans
  14 ogre magi
  9 death yaks
  An orc high priest (Orc:1)
  A soul eater (Vaults:3)
  5 deep troll earth magi
  6 hell knights (Vaults:3)
  A shadow wraith (Vaults:2)
  13 deep elf knights
  A fire crab (shapeshifter) (Vaults:1)
  3 skeletal warriors
  13 deep trolls
  3 unseen horrors
  2 spriggan druids
  3 shambling mangroves
  A lindwurm (Lair:6)
  2 flayed ghosts (D:12)
  12 ironbrand convokers
  2 wizards
  A swamp dragon (Swamp:3)
  10 deep elf archers
  8 harpies
  A harpy (shapeshifter) (Vaults:1)
  A lindwurm (shapeshifter) (Vaults:3)
  21 orc knights
  19 orb spiders
  5 necromancers
  An oklob plant (Lair:1)
  30 wolf spiders
  A manticore (D:14)
  4 shining eyes
  23 ugly things
  2 orc sorcerers
  10 cyclopes
  47 deep elf magi
  2 ice statues (IceCv)
  4 moths of wrath
  18 elephants
  Maurice (Orc:2)
  4 black mambas
  A guardian serpent (shapeshifter) (Elf:2)
  A storm dragon simulacrum (Vaults:2)
  2 torpor snails
  Psyche (D:8)
  15 vault sentinels
  33 spiny frogs
  6 gargoyles
  18 yaktaurs
  A rime drake (shapeshifter) (Vaults:1)
  7 freezing wraiths
  A kobold demonologist (D:14)
  16 demonic crawlers
  A redback zombie (D:15)
  7 rime drakes
  A queen bee (shapeshifter) (Vaults:2)
  7 komodo dragons
  30 jumping spiders
  A queen bee (Lair:3)
  9 trolls
  6 polar bears
  A tengu conjurer (D:14)
  A merfolk (shapeshifter) (Vaults:1)
  2 bog bodies (Swamp:4)
  14 tyrant leeches
  11 hornets
  32 blink frogs
  57 slime creatures
  5 dream sheep (Lair:5)
  2 stone giant simulacra
  14 hippogriffs
  3 centaur simulacra (D:10)
  91 redbacks
  A spriggan (shapeshifter) (Vaults:1)
  3 water elementals
  A spriggan (Swamp:3)
  4 shadows
  8 wraiths
  34 tarantellas
  An air elemental (Elf:2)
  A vampire (D:9)
  29 yaks
  A wyvern (D:15)
  2 fire elementals
  A human (shapeshifter) (D:14)
  A fire bat (shapeshifter) (D:14)
  6 golden eyes (Slime:4)
  5 swamp worm simulacra (Swamp:4)
  8 basilisks
  2 humans (D:8)
  2 hungry ghosts (D:11)
  Grum (D:11)
  30 vampire mosquitoes
  Menkaure (D:6)
  7 insubstantial wisps
  9 wargs
  22 swamp worms
  4 acid dragons
  A soldier ant (D:14)
  20 water moccasins
  13 porcupines
  14 hydra simulacra (Swamp:4)
  A black bear (Lair:5)
  3 swamp drakes
  7 sky beasts
  58 orc warriors
  22 ice beasts
  3 phantoms
  4 eyes of draining
  A tengu (shapeshifter) (Vaults:2)
  3 necrophages
  30 wolves
  17 boggarts
  40 ogres
  20 centaurs
  14 crocodiles
  2 big kobolds
  32 bullfrogs
  A deep troll simulacrum (Vaults:3)
  3 earth elementals (Spider:2)
  A wyvern skeleton (D:13)
  7 scorpions
  25 killer bees
  22 wights
  A human simulacrum (Vaults:3)
  11 howler monkeys
  5 electric eels
  3 centaur zombies
  A bullfrog zombie (D:11)
  6 crimson imps
  24 orc priests
  6 hounds
  A bullfrog skeleton (D:8)
  9 centaur skeletons
  5 jellies
  27 orc wizards
  6 iguanas
  Terence (D:3)
  11 worker ants
  7 hell rats (Lair:5)
  A yak simulacrum (Lair:2)
  A polar bear simulacrum (Lair:2)
  9 wolf simulacra (Lair:2)
  A hound skeleton (D:11)
  A hound zombie (D:10)
  8 mummies (Ossuary)
  7 gnolls
  8 adders
  A hound simulacrum (D:10)
  2 shadow imps
  A howler monkey simulacrum (D:10)
  5 white imps (D:10)
  3 swamp drake simulacra (Swamp:4)
  An ufetubus (D:10)
  2 oozes
  An adder skeleton (D:9)
  2 worms
  3 dart slugs
  A leopard gecko (D:5)
  115 orcs
  3 ball pythons
  3 giant cockroaches
  3 gnoll zombies (Ossuary)
  6 goblins
  11 hobgoblins
  17 jackals
  8 quokkas
  9 bats
  2 frilled lizards
  A giant cockroach zombie (D:6)
  A hobgoblin zombie (Ossuary)
  6 kobolds
  4 kobold zombies (Ossuary)
  A quokka skeleton (D:7)
  10 rats
  3 fungi
  A plant (Elf:2)
1872 creatures vanquished.

Vanquished Creatures (collateral kills)
  A shadow dragon (Vaults:2)
  2 two-headed ogres (Vaults:2)
  A demonic crawler (Spider:3)
  An ogre (Vaults:2)
  An earth elemental (Spider:1)
6 creatures vanquished.

Vanquished Creatures (others)
  An azure jelly (Swamp:4)
  A bog body (Swamp:4)
  2 swamp worms (Swamp:4)
  A swamp drake (Swamp:3)
  17 fungi (Lair:6)
  68 plants
90 creatures vanquished.

Grand Total: 1968 creatures vanquished

Notes
Turn   | Place    | Note
-------+----------+-------------------------------------------
     0 | D:1      | Gorglomux the Ogre Fire Elementalist began the quest for the Orb.
     0 | D:1      | Reached XP level 1. HP: 16/16 MP: 3/3
    14 | D:1      | Reached skill level 1 in Conjurations
   169 | D:1      | Reached XP level 2. HP: 24/24 MP: 1/5
   865 | D:1      | Reached skill level 3 in Spellcasting
   959 | D:1      | Reached skill level 3 in Fire Magic
   959 | D:1      | Reached XP level 3. HP: 31/31 MP: 4/7
  1164 | D:2      | Learned a level 3 spell: Conjure Flame
  1735 | D:2      | Reached XP level 4. HP: 38/39 MP: 3/9
  2159 | D:2      | Learned a level 4 spell: Sticky Flame
  2190 | D:3      | Noticed Terence
  2211 | D:3      | Killed Terence
  2503 | D:3      | Reached XP level 5. HP: 38/45 MP: 6/10
  3086 | D:4      | Found an opulent altar of Gozag.
  3086 | D:4      | Found a glowing silver altar of Zin.
  3334 | D:4      | Reached skill level 4 in Fire Magic
  3423 | D:4      | Reached XP level 6. HP: 26/53 MP: 8/12
  3641 | D:4      | Noticed a sky beast
  3669 | D:4      | Killed a sky beast
  3669 | D:4      | Reached skill level 3 in Conjurations
  4063 | D:4      | Reached XP level 7. HP: 59/59 MP: 4/14
  4640 | D:5      | Entered Level 5 of the Dungeon
  4702 | D:5      | HP: 2/59 [centaur (5)]
  5022 | D:5      | Learned a level 5 spell: Fireball
  5024 | D:5      | Reached skill level 5 in Fire Magic
  5348 | D:5      | Reached XP level 8. HP: 57/67 MP: 1/16
  5471 | D:5      | Reached skill level 6 in Spellcasting
  5590 | D:5      | Found a staircase to the Ecumenical Temple.
  5599 | Temple   | Entered the Ecumenical Temple
  5665 | Temple   | Became a worshipper of Vehumet
  6207 | D:6      | Reached skill level 1 in Fighting
  6404 | D:6      | Noticed Menkaure
  6412 | D:6      | Killed Menkaure
  6412 | D:6      | Reached skill level 6 in Fire Magic
  6522 | D:6      | Reached skill level 3 in Fighting
  6940 | D:6      | Reached skill level 6 in Conjurations
  6940 | D:6      | Reached XP level 9. HP: 68/84 MP: 10/18
  7089 | D:6      | Reached * piety under Vehumet
  7089 | D:6      | Offered knowledge of Shock by Vehumet.
  7204 | D:7      | Found a sacrificial altar of Ru.
  7494 | D:7      | Reached skill level 7 in Fire Magic
  7640 | D:7      | Reached skill level 6 in Fighting
  8342 | D:7      | Found an ancient bone altar of Kikubaaqudgha.
  8342 | D:7      | Found a shattered altar of Ashenzari.
  8400 | D:7      | Found a faded altar of an unknown god.
  8402 | D:7      | Found a faded altar of an unknown god.
  8403 | D:7      | Found a blossoming altar of Fedhas.
  8475 | D:7      | Found a white marble altar of Elyvilon.
  8778 | D:7      | Reached ** piety under Vehumet
  8975 | D:8      | Offered knowledge of Magic Dart by Vehumet.
  9043 | D:8      | Got a polished dagger
  9044 | D:8      | Identified the +11 dagger "Egrel" {flame, rF+} (You found it on level 8 of the Dungeon)
  9052 | D:8      | Reached XP level 10. HP: 93/102 MP: 15/19
  9104 | D:8      | Found a sand-covered staircase.
  9177 | Ossuary  | Entered an ossuary
  9278 | Ossuary  | Reached skill level 8 in Fire Magic
  9560 | D:8      | Offered knowledge of Mephitic Cloud by Vehumet.
  9855 | D:8      | Noticed Psyche
  9859 | D:8      | Killed Psyche
  9878 | D:8      | Found an iron altar of Okawaru.
 10280 | D:9      | Reached *** piety under Vehumet
 10553 | D:9      | Reached skill level 9 in Fighting
 11547 | D:10     | Entered Level 10 of the Dungeon
 11838 | D:10     | Offered knowledge of Force Lance by Vehumet.
 11923 | D:10     | Reached XP level 11. HP: 112/115 MP: 23/23
 11985 | D:10     | Noticed Harold
 11996 | D:10     | Killed Harold
 11996 | D:10     | Reached skill level 9 in Spellcasting
 12236 | D:10     | Reached **** piety under Vehumet
 12243 | D:10     | Offered knowledge of Olgreb's Toxic Radiance by Vehumet.
 12516 | D:10     | Found a roughly hewn altar of Beogh.
 12516 | D:10     | Found a staircase to the Orcish Mines.
 12898 | D:10     | Found a portal to a secret trove of treasure.
 13169 | D:11     | Noticed a cyclops
 13183 | D:11     | Killed a cyclops
 13249 | D:11     | Reached ***** piety under Vehumet
 13249 | D:11     | Offered knowledge of Poison Arrow by Vehumet.
 13344 | D:11     | Learned a level 6 spell: Poison Arrow
 13369 | D:11     | Reached skill level 1 in Poison Magic
 13419 | D:11     | Noticed a two-headed ogre
 13501 | D:11     | Noticed Grum
 13522 | D:11     | Killed a two-headed ogre
 13522 | D:11     | Reached skill level 3 in Poison Magic
 13526 | D:11     | Killed Grum
 13592 | D:11     | Noticed a centaur warrior
 13608 | D:11     | Killed a centaur warrior
 13714 | D:11     | Noticed a two-headed ogre
 13747 | D:11     | Killed a two-headed ogre
 13747 | D:11     | Reached XP level 12. HP: 53/123 MP: 27/27
 14028 | D:11     | Reached skill level 6 in Poison Magic
 14055 | D:11     | Found a staircase to the Lair.
 14081 | D:11     | Noticed a two-headed ogre
 14097 | D:11     | Killed a two-headed ogre
 14275 | D:11     | Found a shattered altar of Ashenzari.
 14953 | Lair:1   | Entered Level 1 of the Lair of Beasts
 14969 | D:11     | HP: 6/123 [bullfrog (6)]
 15656 | Lair:1   | Reached skill level 9 in Poison Magic
 16059 | Lair:2   | Noticed Ferkelamun's ghost (journeyman HaAK)
 16400 | Lair:2   | Offered knowledge of Bolt of Magma by Vehumet.
 16554 | Lair:1   | Learned a level 5 spell: Bolt of Magma
 17018 | Lair:2   | Killed Ferkelamun's ghost
 17018 | Lair:2   | Reached skill level 12 in Spellcasting
 17018 | Lair:2   | Reached skill level 9 in Conjurations
 17553 | Lair:2   | Reached XP level 13. HP: 28/131 MP: 27/29
 17869 | Lair:3   | Reached skill level 1 in Earth Magic
 17939 | Lair:3   | Reached skill level 1 in Shields
 18194 | Lair:3   | Noticed Rupert
 18209 | Lair:3   | Paralysed by Rupert for 3 turns
 18213 | Lair:3   | Killed Rupert
 19150 | Lair:4   | Reached skill level 6 in Shields
 20025 | Lair:4   | Found a hole to the Spider Nest.
 20230 | Lair:4   | Found an ancient bone altar of Kikubaaqudgha.
 20321 | Lair:4   | Found a staircase to the Swamp.
 20415 | Lair:4   | Offered knowledge of Lightning Bolt by Vehumet.
 21161 | Lair:5   | Reached skill level 9 in Shields
 21269 | Lair:5   | Found a staircase to the Slime Pits.
 21514 | Lair:5   | Reached skill level 3 in Dodging
 21514 | Lair:5   | Reached XP level 14. HP: 140/140 MP: 12/30
 22255 | Lair:5   | Reached skill level 6 in Dodging
 22689 | Lair:6   | Entered Level 6 of the Lair of Beasts
 23223 | Lair:6   | Offered knowledge of Lee's Rapid Deconstruction by Vehumet.
 24397 | Lair:6   | Found a bloodstained altar of Trog.
 25255 | Lair:5   | Reached skill level 12 in Fighting
 25599 | Lair:6   | Reached XP level 15. HP: 157/157 MP: 21/31
 25601 | Lair:6   | Reached skill level 9 in Dodging
 25760 | Lair:6   | Offered knowledge of Conjure Ball Lightning by Vehumet.
 25919 | Lair:6   | Reached skill level 9 in Fire Magic
 26078 | Lair:6   | Got a faintly glowing scimitar
 26082 | Lair:6   | Identified the +7 scimitar of the Hero {chaos, rF+ MP+9} (You found it on level 6 of the Lair of Beasts)
 26117 | Lair:6   | Got a bloodstained great mace
 26118 | Lair:6   | Identified the +3 great mace of Peril {holy, Int+3} (You found it on level 6 of the Lair of Beasts)
 28543 | D:11     | Reached ****** piety under Vehumet
 28675 | D:11     | Reached skill level 10 in Fire Magic
 28954 | D:12     | Noticed a sphinx
 28966 | D:12     | Killed a sphinx
 29708 | D:12     | Noticed a fire giant
 29713 | D:12     | Killed a fire giant
 29992 | D:12     | Got a faintly glowing graven amulet
 29993 | D:12     | Identified the amulet "Suuck" {rC- Regen+ Str+2 Dex+2 Stlth+} (You found it on level 12 of the Dungeon)
 31322 | D:14     | Found a gate to the Vaults.
 31326 | D:14     | Reached skill level 11 in Fire Magic
 31327 | D:14     | Reached XP level 16. HP: 123/167 MP: 33/34
 31922 | D:15     | Entered Level 15 of the Dungeon
 31937 | D:15     | Reached skill level 15 in Spellcasting
 32125 | D:15     | Offered knowledge of Ozocubu's Refrigeration by Vehumet.
 32243 | D:15     | Noticed Josephine
 32249 | D:15     | Killed Josephine
 32261 | D:15     | Found Sutaesk's General Store.
 32310 | D:15     | Noticed a sphinx
 32599 | D:15     | Killed a sphinx
 32972 | D:15     | Reached skill level 12 in Fire Magic
 33419 | D:15     | Learned a level 2 spell: Sublimation of Blood
 33423 | D:15     | Learned a level 3 spell: Ignite Poison
 33423 | D:15     | Identified 2 scrolls of acquirement
 33426 | D:15     | Identified the Collected Works on the Glacier and Boosts (You acquired it on level 15 of the Dungeon)
 33432 | D:15     | Learned a level 5 spell: Iskenderun's Battlesphere
 33556 | D:15     | Found a sparkling altar of Nemelex Xobeh.
 33768 | D:15     | Found a staircase to the Depths.
 34070 | Orc:1    | Entered Level 1 of the Orcish Mines
 34070 | Orc:1    | Found a roughly hewn altar of Beogh.
 34159 | Orc:2    | Entered Level 2 of the Orcish Mines
 34195 | Orc:2    | Found a staircase to the Elven Halls.
 34270 | Orc:2    | Found a labyrinth entrance.
 34276 | Orc:2    | Found a bloodstained altar of Trog.
 34279 | Lab      | Entered a labyrinth
 34424 | Lab      | Identified the Tome of Harmful Summoning
 34446 | Orc:2    | Learned a level 5 spell: Irradiate
 34462 | Orc:2    | Found a frozen archway.
 34464 | Orc:2    | Offered knowledge of Bolt of Fire by Vehumet.
 34472 | Orc:2    | Learned a level 6 spell: Bolt of Fire
 34485 | IceCv    | Entered an ice cave
 35070 | IceCv    | Got a crude tin amulet
 35071 | IceCv    | Identified the amulet "Zafaiz" {+Rage +Inv rElec rC- Int+5} (You found it in an ice cave)
 35366 | Orc:2    | Noticed Maurice
 35443 | Orc:2    | Killed Maurice
 35835 | Orc:2    | Found Dacae's Assorted Antiques.
 35835 | Orc:2    | Found Argheo's Book Emporium.
 35850 | Orc:2    | Found Ylui's Assorted Antiques.
 35852 | Orc:2    | Found Zaocil's Jewellery Boutique.
 35866 | Orc:2    | Bought a potion of heal wounds for 110 gold pieces
 35866 | Orc:2    | Bought a scroll of identify for 44 gold pieces
 35866 | Orc:2    | Bought a thin bone amulet for 110 gold pieces
 35866 | Orc:2    | Bought a phial of floods for 880 gold pieces
 35985 | Orc:2    | Found Afer's Assorted Antiques.
 36024 | Orc:2    | Bought a scroll of teleportation for 96 gold pieces
 36024 | Orc:2    | Bought a potion of haste for 320 gold pieces
 36024 | Orc:2    | Bought a potion of curing for 96 gold pieces
 36296 | Orc:1    | Offered knowledge of Lehudib's Crystal Spear by Vehumet.
 36296 | Orc:1    | Offered knowledge of Fire Storm by Vehumet.
 36296 | Orc:1    | Offered knowledge of Glaciate by Vehumet.
 36296 | Orc:1    | Reached skill level 13 in Fire Magic
 36296 | Orc:1    | Reached XP level 17. HP: 175/175 MP: 34/37
 36756 | Orc:1    | Found Jam Fuz's General Store.
 36876 | Orc:1    | Found a roughly hewn altar of Beogh.
 37170 | Spider:1 | Entered Level 1 of the Spider Nest
 37375 | Swamp:1  | Entered Level 1 of the Swamp
 37543 | Swamp:1  | Found a transporter.
 37877 | Swamp:1  | Found a transporter.
 38050 | D:14     | Learned a level 5 spell: Lee's Rapid Deconstruction
 38541 | Swamp:2  | Reached skill level 3 in Earth Magic
 38740 | Swamp:2  | Paralysed by a hornet for 1 turns
 38742 | Swamp:2  | Paralysed by a hornet for 2 turns
 39318 | Swamp:3  | Paralysed by a hornet for 1 turns
 40145 | Swamp:3  | Reached skill level 6 in Earth Magic
 40537 | Swamp:4  | Entered Level 4 of the Swamp
 40926 | Swamp:4  | Noticed Aizul
 41097 | Swamp:4  | Killed Aizul
 41738 | Swamp:4  | Got a colourful robe
 41756 | Swamp:4  | Identified the +1 robe of Bitterness {Slay+5} (You found it on level 4 of the Swamp)
 41779 | Swamp:4  | Got a decaying rune of Zot
 42709 | Swamp:1  | Got a wavering lead amulet
 42711 | Swamp:1  | Identified the amulet "Tosm" {Inacc MR+} (You found it on level 1 of the Swamp)
 42725 | Swamp:1  | Got a fine morningstar
 42726 | Swamp:1  | Identified the +6 morningstar of Unkiusosuy {crush, Int+4 Stlth+} (You found it on level 1 of the Swamp)
 42731 | Swamp:1  | Got a heavily runed turquoise ring
 42733 | Swamp:1  | Identified the ring "Karchebagh" {*Drain rC- MR+ AC+5 Dex+5} (You found it on level 1 of the Swamp)
 42828 | Swamp:1  | Gained mutation: Scrolls take you a little longer to read. [mutagenic glow]
 42905 | Swamp:1  | Lost mutation: Scrolls take you a little longer to read. [potion of mutation]
 42905 | Swamp:1  | Gained mutation: You are partially covered in large bone plates. (SH +4) [potion of mutation]
 42905 | Swamp:1  | Gained mutation: You are agile. (Dex +2) [potion of mutation]
 42905 | Swamp:1  | Gained mutation: You are resistant to electric shocks. (rElec) [potion of mutation]
 43063 | Elf:1    | Entered Level 1 of the Elven Halls
 43324 | Elf:1    | Found Nivo's Gadget Boutique.
 43329 | Elf:1    | Found Oschihuel's Jewellery Boutique.
 43337 | Elf:1    | Bought the ring "Olor Tec" {rPois rF+ Dex+4 Stlth-} for 647 gold pieces
 43420 | Elf:1    | Reached skill level 14 in Fire Magic
 43628 | Elf:1    | Reached XP level 18. HP: 184/184 MP: 23/38
 43648 | Elf:1    | Learned a level 8 spell: Ignition
 43925 | Elf:1    | Found Erojef's Assorted Antiques.
 44551 | Elf:2    | Reached skill level 15 in Fire Magic
 45229 | Elf:2    | Found a runed gate.
 45229 | Elf:2    | Found a runed gate.
 45233 | Elf:2    | Found a runed gate.
 45336 | Elf:3    | Entered Level 3 of the Elven Halls
 45514 | Elf:3    | Found an ancient bone altar of Kikubaaqudgha.
 46146 | Spider:1 | Reached skill level 16 in Fire Magic
 47764 | Spider:2 | Noticed Nikola
 47769 | Spider:2 | Killed Nikola
 48359 | Spider:2 | Reached XP level 19. HP: 192/192 MP: 15/40
 48981 | Spider:3 | Identified Zorripa's Incunabulum of Self-Improvement and Black Magic
 49454 | Spider:4 | Entered Level 4 of the Spider Nest
 50076 | Spider:4 | Reached skill level 17 in Fire Magic
 51274 | Spider:4 | Reached skill level 12 in Conjurations
 51384 | Spider:4 | Got a gossamer rune of Zot
 51736 | Vaults:1 | Entered Level 1 of the Vaults
 51866 | Vaults:1 | Found Dafompo's Antique Armour Shop.
 52748 | Vaults:1 | Reached XP level 20. HP: 184/201 MP: 12/41
 53019 | Vaults:1 | Got a slimy ivory ring
 53063 | Vaults:1 | Reached skill level 18 in Fire Magic
 54797 | Vaults:2 | Reached skill level 15 in Fighting
 54814 | Vaults:2 | Identified the ring of Ruuppod {MR- MP+9 Dex+8 Stlth-} (You took it off an ogre mage on level 1 of the Vaults)
 55202 | Vaults:2 | Reached skill level 1 in Necromancy
 55202 | Vaults:2 | Reached XP level 21. HP: 146/222 MP: 3/42
 55626 | Vaults:2 | Reached skill level 3 in Necromancy
 56462 | Vaults:2 | Reached skill level 6 in Necromancy
 56954 | Vaults:3 | Found Jiwuh's General Store.
 57009 | Vaults:3 | Bought the ring of the Trilobite {rElec rF+ Str-5 Dex+5 SInv} for 691 gold pieces
 57009 | Vaults:3 | Bought 2 potions of haste for 320 gold pieces
 57197 | Vaults:3 | Noticed Margery
 57204 | Vaults:3 | Killed Margery
 57357 | Vaults:2 | Reached skill level 15 in Conjurations
 58063 | Vaults:3 | Found a staircase to the Crypt.
 58103 | Vaults:3 | Noticed Jory
 58183 | Vaults:3 | Killed Jory
 58566 | Vaults:3 | Found Axibosil's Weapon Boutique.
 58571 | Vaults:3 | Reached XP level 22. HP: 231/231 MP: 29/43
 59003 | Vaults:3 | Found Oxuet's Antique Weapon Boutique.
 59906 | Slime:1  | Entered Level 1 of the Pits of Slime
 60317 | Slime:5  | Entered Level 5 of the Pits of Slime
 60361 | Slime:3  | Reached skill level 9 in Earth Magic
 61179 | Slime:5  | Gained mutation: Your body sometimes deteriorates upon taking damage. [a shining eye]
 61277 | Slime:5  | Found a viscous altar of Jiyva.
 61301 | Slime:5  | Noticed the Royal Jelly
 61310 | Slime:5  | HP: 11/231 [acid blob/splash of acid[the Royal Jelly] (12)]
 61310 | Slime:5  | Splashed by an acid blob's acid

Skill      XL: |  1  2  3  4  5  6  7  8  9 10 11 12 13 14 15 16 17 18 19 20 21 22 |
---------------+-------------------------------------------------------------------+-----
Conjurations   | 1 2 3 4 6 7 8 9 10 12 13 16 17 | 17.4
Spellcasting   | 3 4 5 6 8 11 12 14 16 17 | 17.0
Fire Magic     | 3 4 5 6 7 8 11 13 14 16 17 18 | 18.4
Fighting       | 4 7 9 12 16 | 16.0
Poison Magic   | 5 9 |  9.1
Earth Magic    | 2 8 10 | 10.5
Shields        | 9 |  9.0
Dodging        | 3 8 9 |  9.0
Necromancy     | 1 6 |  6.0
Stealth        | |  1.4

Action                   |  1- 3 |  4- 6 |  7- 9 | 10-12 | 13-15 | 16-18 | 19-21 | 22-24 || total
-------------------------+-------+-------+-------+-------+-------+-------+-------+-------++-------
Melee: Unarmed           |    21 |       |       |       |       |       |       |       ||    21
       Short sword       |    10 |    54 |   115 |     2 |       |       |       |       ||   181
       Dagger            |       |       |     1 |    69 |    70 |    86 |    66 |     2 ||   294
       Staff             |       |       |       |    16 |    65 |   103 |    46 |       ||   230
 Cast: Flame Tongue      |    66 |    64 |   173 |   503 |   468 |   180 |    29 |     6 ||  1489
       Conjure Flame     |       |     3 |     8 |     2 |       |       |       |       ||    13
       Sticky Flame      |       |     1 |    14 |    70 |    81 |    17 |     5 |       ||   188
       Fireball          |       |       |     6 |    50 |    98 |   100 |    12 |    16 ||   282
       Poison Arrow      |       |       |       |    24 |   196 |   340 |   329 |    91 ||   980
       Bolt of Magma     |       |       |       |    20 |    48 |    39 |       |       ||   107
       Ignite Poison     |       |       |       |       |       |    66 |    54 |    18 ||   138
       Bolt of Fire      |       |       |       |       |       |    49 |    58 |    10 ||   117
       Sublimation of Bl |       |       |       |       |       |    17 |    60 |    29 ||   106
       Iskenderun's Batt |       |       |       |       |       |    20 |     7 |     1 ||    28
       Irradiate         |       |       |       |       |       |    34 |    11 |     6 ||    51
       Lee's Rapid Decon |       |       |       |       |       |    66 |     2 |     2 ||    70
       Ignition          |       |       |       |       |       |    21 |    94 |    32 ||   147
Evoke: Wand              |       |     1 |     1 |     1 |     5 |     6 |     3 |       ||    17
       Phial of floods   |       |       |       |       |       |     2 |     4 |       ||     6
  Use: Scroll            |       |    11 |     4 |    16 |    10 |    21 |     4 |     2 ||    68
       Potion            |       |       |       |       |     3 |     3 |       |     2 ||     8
 Stab: Sleeping          |     1 |     1 |       |       |       |     1 |       |       ||     3
       Confused          |       |       |       |     1 |       |       |       |       ||     1
  Eat: Chunk             |     3 |     7 |    20 |    47 |    99 |   116 |   135 |    14 ||   441
       Fruit             |       |       |       |     4 |    12 |     2 |       |       ||    18
       Royal jelly       |       |       |       |     1 |     4 |     8 |     6 |       ||    19
       Meat ration       |       |       |       |       |     1 |     6 |     1 |     3 ||    11
Armor: Robe              |    20 |    15 |    35 |    13 |       |       |       |       ||    83
       Troll leather arm |       |       |       |    57 |   113 |    98 |    61 |    20 ||   349
       Swamp dragon scal |       |       |       |       |       |    12 |       |       ||    12
Dodge: Dodged            |    50 |    46 |   102 |   188 |   296 |   296 |   154 |    36 ||  1168
Block: Shield            |       |       |       |       |   237 |   296 |   361 |    60 ||   954
